 Dungeon Crawl Stone Soup version 0.27.0-1-g7a089689b8 (webtiles) character file.

Game seed: 12349205859126040097

3589 thirtiethelement the Carver (level 9, 0/70 HPs)
             Began as a Demonspawn Abyssal Knight on Aug 10, 2021.
             Was a High Priest of Lugonu.
             Slain by an orc (6 damage)
             ... on level 9 of the Dungeon.
             The game lasted 00:22:00 (9816 turns).

thirtiethelement the Carver (DsAK)                  Turns: 9816, Time: 00:22:02

Health: 0/70       AC: 18    Str: 17    XL:     9   Next: 85%
Magic:  11/11      EV:  8    Int: 13    God:    Lugonu [*****.]
Gold:   421        SH:  4    Dex: 12    Spells: 8/8 levels left

rFire    + . .     SeeInvis .   f - +3 great sword
rCold    + . .     Faith    .   (shield currently unavailable)
rNeg     . . .     Spirit   .   d - +2 chain mail {rF+}
rPois    +         Reflect  .   (helmet restricted)
rElec    .         Harm     .   (no cloak)
rCorr    .         Rampage  .   (no gloves)
Will     .....                  s - +0 pair of boots
Stlth    ..........             F - amulet of magic regeneration
HPRegen  0.21/turn              l - ring of protection from cold
MPRegen  0.37/turn              D - ring of poison resistance

@: no status effects
A: antennae 1, icemail 1, spiny 1, condensation shield
a: Renounce Religion, Depart the Abyss, Bend Space, Banish, Corrupt, Enter the
Abyss


You were on level 9 of the Dungeon.
You worshipped Lugonu.
Lugonu was extremely pleased with you.
You visited 1 branch of the dungeon, and saw 9 of its levels.
You visited the Abyss 1 time.
You also visited: Sewer.

You collected 421 gold pieces.

Inventory:

Hand Weapons
 a - a +2 falchion of draining
 f - a +3 great sword (weapon)
Missiles
 z - 3 javelins (quivered)
Armour
 d - a +2 chain mail of fire resistance (worn)
 s - a +0 pair of boots (worn)
Magical Staves
 h - a staff of fire
Jewellery
 g - a ring of magical power
 l - a ring of protection from cold (left hand)
 n - a +6 ring of intelligence
 D - a ring of poison resistance (right hand)
 F - an amulet of magic regeneration (around neck)
Wands
 o - a wand of flame (32)
 C - a wand of mindburst (4)
 G - a wand of digging (4)
 H - a wand of polymorph (3)
Scrolls
 j - 4 scrolls of teleportation
 k - 3 scrolls of enchant weapon
 r - 2 scrolls of brand weapon
 w - a scroll of fog
 x - a scroll of amnesia
 y - 2 scrolls of magic mapping
 E - a scroll of blinking
Potions
 b - a potion of heal wounds
 c - 2 potions of flight {unknown}
 e - 2 potions of haste
 i - 6 potions of curing
 m - 2 potions of brilliance
 p - a potion of mutation {unknown}
 q - 2 potions of might
 t - a potion of invisibility {unknown}
 u - a potion of magic {unknown}
 v - a potion of berserk rage {unknown}
 A - 2 potions of lignification
 B - a potion of attraction {unknown}


   Skills:
 + Level 6.3 Fighting
 + Level 8.9 Long Blades
 + Level 0.8 Throwing
 + Level 7.5 Armour
 + Level 1.7 Dodging
 + Level 0.7 Stealth
 + Level 2.5 Shields
 + Level 2.7 Invocations


You had 8 spell levels left.
You didn't know any spells.
Your spell library contained the following spells:

 Spells                   Type           Power      Damage    Failure   Level
 Call Canine Familiar     Summ           0%         N/A       100%        3
 Portal Projectile        Hex/Tloc       0%         N/A       100%        3
 Leda's Liquefaction      Hex/Erth       0%         N/A       100%        4


Dungeon Overview and Level Annotations

Branches:
Dungeon (9/15)             Temple (0/1) D:6           Sewer (visited)
   Lair: D:8-11         Orc: D:9-12

Altars:
Zin

Shops:
D:1 [

Annotations:
D:8 1 runed translucent door


Innate Abilities, Weirdness & Mutations

You have a pair of small antennae on your head.
A meltable icy envelope protects you from harm. (AC +4)
You are partially covered in sharp spines.
A meltable shield of frost defends you. (SH +4)


Message History

The orc hits you but does no damage. x2
You hit the orc warrior but do no damage.
The orc warrior is heavily wounded.
The orc is struck by your spines. The orc barely misses you.
The orc warrior hits you with a +0 flail.
The orc hits you but does no damage. The orc barely misses you.
You barely miss the orc warrior.
The orc warrior is heavily wounded.
The orc warrior hits you but does no damage.
The orc completely misses you.
You riposte.
You closely miss the orc.
The orc is severely wounded.
The orc hits you but does no damage. The orc barely misses you.
An orc comes into view. It is wielding a +0 club.
The orc warrior hits you with a +0 flail.
The orc shouts!
You slash the orc warrior!
The orc warrior is almost dead.
The orc closely misses you.
You riposte.
You barely miss the orc.
The orc is heavily wounded.
The orc hits you from afar with a +0 trident.
The orc warrior hits you but does no damage.
The orc is struck by your spines. The orc barely misses you.
The orc is struck by your spines.
You kill the orc!
Lugonu accepts your kill.
You hit the orc warrior.
The orc warrior is almost dead.
The orc hits you but does no damage.
The orc warrior hits you with a +0 flail!
The orc is struck by your spines.
You kill the orc!
Lugonu accepts your kill. You block the orc's attack.
You closely miss the orc warrior.
The orc warrior is almost dead.
An orc comes into view. It is wielding a +0 mace.
The orc warrior hits you with a +0 flail!
* * * LOW HITPOINT WARNING * * *
The orc hits you from afar with a +0 trident.
You die...

.(8.............# ..
oo'......##....# .
oo8......##....###...>.
#.o....##....##......
#....o.##....##.....#
.o.#...........##.....#
#.....o.....##.....######
#......{o)..##.....##....
###....#@#####.....##....
#....#..####.....##....
#......................
##............##.......
#............##.......
#............##.......
..............##.......
...............##.......
...............##.......


You could see an orc warrior and 3 orcs.

Vanquished Creatures
  A hornet (D:8)
  A wyvern (D:8)
  4 yaks
  2 water moccasins
  A sky beast (D:6)
  A black bear (D:5)
  An ogre (D:5)
  2 orc warriors
  2 centaurs
  A phantom (D:5)
  Blork the orc (D:5)
  A kobold brigand (Sewer)
  A bullfrog (D:8)
  A scorpion (D:6)
  6 wights
  A howler monkey (D:4)
  2 centaur zombies
  A hound (D:4)
  5 jellies
  8 orc priests
  A bullfrog skeleton (D:6)
  Natasha (thrice) (D:2)
  7 iguanas
  3 orc wizards (D:8)
  A killer bee zombie (D:8)
  2 hound zombies (D:5)
  A howler monkey zombie (D:9)
  10 adders
  6 river rats (Sewer)
  2 shadow imps
  A white imp (D:7)
  2 adder skeletons (D:4)
  4 worms
  A dart slug (D:5)
  32 orcs
  4 endoplasms
  5 giant cockroaches
  10 goblins
  8 hobgoblins
  6 jackals (D:2)
  5 quokkas
  13 ball pythons
  4 bats (D:2)
  2 frilled lizards
  20 kobolds
  27 rats
223 creatures vanquished.

Notes
Turn   | Place    | Note
-------+----------+-------------------------------------------
     0 | Abyss:1  | thirtiethelement the Demonspawn Abyssal Knight began the
                  | quest for the Orb.
     0 | Abyss:1  | Reached XP level 1. HP: 18/18 MP: 2/2
    84 | Abyss:1  | Noticed a vampire
   121 | Abyss:1  | Noticed a dire elephant zombie
   121 | Abyss:1  | Noticed a fire dragon zombie
   122 | Abyss:1  | Noticed a chaos spawn
   148 | D:1      | Escaped the Abyss
   573 | D:1      | Found Ybbokk's Armour Shop.
   601 | D:1      | Gained mutation: You have a pair of small antennae on your
                  | head. [demonic ancestry]
   601 | D:1      | Reached XP level 2. HP: 19/24 MP: 3/3
  1082 | D:2      | Noticed Natasha
  1089 | D:2      | Noticed a crimson imp
  1089 | D:2      | Killed Natasha
  1090 | D:2      | Reached skill level 2 in Long Blades
  1090 | D:2      | Reached XP level 3. HP: 26/30 MP: 4/4
  1124 | D:2      | Noticed Natasha
  1137 | D:2      | Killed Natasha
  1137 | D:2      | Reached * piety under Lugonu
  1138 | D:2      | Reached skill level 1 in Dodging
  1138 | D:2      | Reached XP level 4. HP: 18/37 MP: 6/6
  1419 | D:2      | Noticed Natasha
  1428 | D:2      | Killed Natasha
  1961 | D:2      | Reached skill level 3 in Long Blades
  2267 | D:2      | Gained mutation: A meltable shield of frost defends you.
                  | (SH +4) [demonic ancestry]
  2267 | D:2      | Reached XP level 5. HP: 17/42 MP: 7/7
  3091 | D:3      | Found a faded altar of an unknown god.
  3099 | D:3      | Reached ** piety under Lugonu
  3791 | D:4      | Reached skill level 4 in Long Blades
  3791 | D:4      | Gained mutation: You are partially covered in sharp spines.
                  | [demonic ancestry]
  3791 | D:4      | Reached XP level 6. HP: 49/49 MP: 8/8
  4020 | D:4      | Found a glowing drain.
  4024 | Sewer    | Entered a sewer
  4163 | Sewer    | Reached XP level 7. HP: 46/55 MP: 9/9
  4238 | Sewer    | Reached *** piety under Lugonu
  5238 | D:5      | Entered Level 5 of the Dungeon
  5242 | D:5      | Noticed Blork the orc
  5254 | D:5      | Killed Blork the orc
  5258 | D:5      | Reached skill level 5 in Long Blades
  5611 | D:5      | Reached **** piety under Lugonu
  5716 | D:5      | Reached skill level 1 in Shields
  5717 | D:5      | Reached skill level 5 in Armour
  6035 | D:5      | Gained mutation: A meltable icy envelope protects you from
                  | harm. (AC +4) [demonic ancestry]
  6035 | D:5      | Reached XP level 8. HP: 22/51 MP: 10/10
  6407 | D:5      | Reached skill level 5 in Fighting
  6494 | D:5      | Reached skill level 6 in Long Blades
  6772 | D:6      | Found a staircase to the Ecumenical Temple.
  6906 | D:6      | You fall into a shaft and drop 1 floor!
  8192 | D:8      | Reached skill level 7 in Long Blades
  8209 | D:7      | Reached XP level 9. HP: 46/68 MP: 11/11
  9036 | D:8      | Found a runed translucent door.
  9036 | D:8      | Noticed a sixfirhy
  9423 | D:8      | Reached skill level 8 in Long Blades
  9803 | D:9      | Reached ***** piety under Lugonu
  9816 | D:9      | Slain by an orc

Illustrated notes

Levels and vault maps discovered:
D:1:      dpeg_arrival_tiny_i, layout_basic, serial_shops,
          nicolae_shop_window_shopping
D:2:      minmay_recursive_quarters, layout_basic, grunt_decor_cap, uniq_natasha
D:3:      layout_basic, mainiacjoe_overflow_brackets,
          shapermc_ecumenical_altar_mp_ritualfount
D:4:      layout_basic, gup_sewer_entry_bowl
D:5:      layout_gridville, st_stairs_10, uniq_blork_the_orc
D:6:      layout_loops_cross, minmay_temple_entry_stoned_glass
D:7:      layout_basic
D:8:      cheibrodos_shockbox, layout_basic
D:9:      layout_basic, david_orc_5, serial_shops, shop

Skill      XL: |  1  2  3  4  5  6  7  8  9 |
---------------+----------------------------+-----
Armour         | 2 4 5 6 7 |  7.5
Long Blades    | 2 3 4 5 7 8 |  8.9
Dodging        | 1 |  1.7
Fighting       | 4 5 6 |  6.3
Shields        | 1 2 |  2.5
Throwing       | |  0.8
Stealth        | |  0.7
Invocations    | |  2.7

Action                   |  1- 3 |  4- 6 |  7- 9 || total
-------------------------+-------+-------+-------++-------
Melee: Falchion          |    54 |   247 |   241 ||   542
       Great sword       |       |       |    89 ||    89
Throw: Javelin           |     4 |       |     9 ||    13
Invok: Depart the Abyss  |     1 |       |       ||     1
Evoke: Wand              |       |       |     1 ||     1
  Use: Scroll            |       |     8 |    13 ||    21
Armor: Chain mail        |    47 |   201 |   206 ||   454
Dodge: Dodged            |    15 |    97 |   124 ||   236
Block: Other             |       |    21 |    62 ||    83
       Rpst.: Falchion   |     6 |    25 |    16 ||    47
       Great sword       |       |       |    10 ||    10
